 Dungeon Sprint DCSS version 0.22.1-2-g9c5b331383 (webtiles) character file.

18728 Groucho the Cleaver (level 12, -2/127 HPs)
             Began as a Naga Fighter on Dec 7, 2018.
             Was the Champion of Cheibriados.
             Slain by an orc knight
             ... wielding a +2 vampiric long sword
              (18 damage)
             ... in the Dungeon (Sprint VII: "The Pits").
             The game lasted 00:07:45 (4740 turns).

Groucho the Cleaver (Naga Fighter)                  Turns: 4740, Time: 00:07:45

Health: -2/127     AC: 24    Str: 34    XL:     12   Next: 61%
Magic:  12/22      EV: 11    Int: 29    God:    Cheibriados [******]
Gold:   24         SH: 16    Dex: 31    Spells: 11/11 levels left

rFire    . . .     SeeInvis +   w - +1 broad axe (freeze)
rCold    . . .     Gourm    .   c - +0 shield
rNeg     . . .     Faith    .   y - +4 chain mail
rPois    +         Spirit   .   x - +0 helmet
rElec    .         Reflect  .   (no cloak)
rCorr    .         Harm     .   (no gloves)
MR       +....     NoTele   +   z - +0 naga barding
Stlth    ..........             (no amulet)
HPRegen  0.31/turn              s - +3 ring of intelligence
MPRegen  0.18/turn              t - +3 ring of intelligence

@: very slow
A: large, see invisible, deformed body, poison resistance, slowness 2, slow
metabolism 1, spit poison 1, AC +4
a: Spit Poison, Bend Time, Temporal Distortion, Slouch, Step From Time, Renounce
Religion


You were in the Dungeon.
You worshipped Cheibriados.
Cheibriados was exalted by your worship.
You were not hungry.

You visited 1 branch You collected 24 gold pieces.

Inventory:

Hand Weapons
 v - a +2 morningstar of flaming
 w - a +1 broad axe of freezing (weapon)
Missiles
 p - 40 stones (quivered)
Armour
 b - a +0 scale mail
 c - a +0 shield (worn)
 q - a +2 plate armour
 x - a +0 helmet (worn)
 y - a +4 chain mail (worn)
 z - a +0 naga barding (worn)
Jewellery
 s - a +3 ring of intelligence (left hand)
 t - a +3 ring of intelligence (right hand)
Scrolls
 a - 2 scrolls of fog
 k - a scroll of blinking
 m - 5 scrolls of remove curse
 n - 6 scrolls of amnesia
 o - a scroll of summoning
 r - 3 scrolls of identify
 A - 2 scrolls of enchant weapon
 B - 4 scrolls of fear
Potions
 d - 2 potions of might
 e - 10 potions of curing
 g - 9 potions of heal wounds
 h - 5 potions of haste
 i - 3 potions of magic
 j - 5 potions of berserk rage
 l - 2 potions of invisibility
 u - a potion of resistance
Comestibles
 f - 7 rations


   Skills:
 + Level 13.7 Fighting
 * Level 14.4 Axes
 * Level 12.5 Armour
 * Level 6.2 Dodging
 * Level 12.5 Shields
 + Level 13.5 Invocations


You had 11 spell levels left.
You didn't know any spells.
Your spell library was empty.

Dungeon Overview and Level Annotations

Branches:
Dungeon (1/1)

Altars:
Ashenzari
Cheibriados
Dithmenos
Elyvilon
Fedhas
Gozag
Hepliaklqana
Kikubaaqudgha
Makhleb
Nemelex Xobeh
Okawaru
Qazlal
Ru
Sif Muna
Trog
Uskayaw
Vehumet
Wu Jian
Xom
Yredelemnul
Zin
The Shining One
Beogh
Jiyva
Lugonu


Innate Abilities, Weirdness & Mutations

You cannot wear boots.
Your serpentine skin is tough. (AC +4)
You have supernaturally acute eyesight. (SInv)
Armour fits poorly on your strangely shaped body.
Your system is resistant to poisons. (rPois)
You cover ground very slowly.
You have a slow metabolism.
You can spit poison.


Message History

You block the orc knight's attack. x2; The orc knight hits you with a war axe!
Unknown command.
You can feel time thicken for a moment.
You feel somewhat more hungry. You block the orc knight's attack.
The orc knight hits you with a war axe!
The orc warlord hits you from afar with a glaive!!
The orc knight hits you with a vampiric long sword!
* * * LOW HITPOINT WARNING * * *
The orc knight draws strength from your wounds!
Unknown command.
Unknown command.
You can feel time thicken for a moment.
You feel somewhat more hungry. You block the orc knight's attack.
The orc knight hits you with a war axe!
* * * LOW HITPOINT WARNING * * *
The orc knight hits you with an uncursed great sword!!
* * * LOW HITPOINT WARNING * * *
The orc warlord completely misses you.
Unknown command.
You feel much better.
The orc knight hits you with a vampiric long sword!!
You die...

#++##############################
#................................
#...............................(
#..##############('##############
#..# #.o(...# # #..# #.@oo..# #
#..# #.ooc..# # #..# ###oo### #
#..#


oo.N. # #..# .o.... # #..# o...### # ...# #....# # ...# ..## # #### # You could
see an orc warlord, a naga warrior, a yaktaur captain and 8 orc knights.

Vanquished Creatures
  A merfolk javelineer (D)
  Josephine (D)
  A great orb of eyes (D)
  2 hydras (D)
  Sonja (D)
  4 skeletal warriors (D)
  A fire crab (shapeshifter) (D)
  2 flayed ghosts (D)
  2 unseen horrors (D)
  A lindwurm (D)
  An orc knight (D)
  A cyclops (D)
  A black mamba (D)
  An orange demon (D)
  A rust devil (D)
  2 rime drakes (D)
  A smoke demon (D)
  An eye of devastation (D)
  A komodo dragon (D)
  A freezing wraith (D)
  A hellwing (D)
  A tyrant leech (D)
  A polar bear (D)
  4 merfolk (D)
  A bog body (D)
  5 wraiths (D)
  An air elemental (D)
  6 yaks (D)
  A tarantella (D)
  A fire bat (D)
  A basilisk (D)
  A ynoxinul (D)
  A warg (D)
  2 vampire mosquitoes (D)
  2 floating eyes (D)
  3 orc warriors (D)
  A phantom (D)
  A swamp drake (D)
  A sky beast (D)
  A necrophage (D)
  A centaur (D)
  A wolf (D)
  A big kobold (D)
  A bullfrog (D)
  An earth elemental (D)
  2 scorpions (D)
  A quasit (D)
  3 orc priests (D)
  A gnoll shaman (D)
  3 orc wizards (D)
  A hell rat (D)
  6 gnolls (D)
  An ufetubus (D)
  An adder zombie (D)
  A leopard gecko (D)
  2 orcs (D)
  2 goblins (D)
  A hobgoblin (D)
  4 jackals (D)
  A quokka (D)
  A ball python (D)
  2 kobolds (D)
  A leopard gecko zombie (D)
  A rat (D)
103 creatures vanquished.

Notes
Turn   | Place    | Note
-------+----------+-------------------------------------------
     0 | D        | Groucho the Naga Fighter began the quest for the Orb.
     0 | D        | Reached XP level 1. HP: 21/21 MP: 1/1
    16 | D        | Reached XP level 2. HP: 7/28 MP: 2/2
   458 | D        | Found a bloodstained altar of Trog.
   458 | D        | Found a deep blue altar of Sif Muna.
   458 | D        | Found a viscous altar of Jiyva.
   458 | D        | Found a hazy altar of Hepliaklqana.
   458 | D        | Found an opulent altar of Gozag.
   459 | D        | Found a glowing golden altar of the Shining One.
   459 | D        | Found a glowing silver altar of Zin.
   459 | D        | Found a basalt altar of Yredelemnul.
   459 | D        | Found a shimmering altar of Xom.
   459 | D        | Found an ornate altar of the Wu Jian Council.
   459 | D        | Found a sacrificial altar of Ru.
   459 | D        | Found a stormy altar of Qazlal.
   459 | D        | Found an iron altar of Okawaru.
   459 | D        | Found a sparkling altar of Nemelex Xobeh.
   459 | D        | Found a burning altar of Makhleb.
   459 | D        | Found a blossoming altar of Fedhas.
   459 | D        | Found a white marble altar of Elyvilon.
   459 | D        | Found a shadowy altar of Dithmenos.
   459 | D        | Found a snail-covered altar of Cheibriados.
   461 | D        | Found a radiant altar of Vehumet.
   461 | D        | Found a corrupted altar of Lugonu.
   461 | D        | Found a roughly hewn altar of Beogh.
   462 | D        | Found a hide-covered altar of Uskayaw.
   462 | D        | Found an ancient bone altar of Kikubaaqudgha.
   462 | D        | Found a shattered altar of Ashenzari.
   470 | D        | Became a worshipper of Cheibriados the Contemplative
   488 | D        | Reached skill level 3 in Axes
   490 | D        | Reached * piety under Cheibriados
   499 | D        | Noticed a floating eye
   501 | D        | Paralysed by a floating eye for 2 turns
   504 | D        | Reached ** piety under Cheibriados
   504 | D        | Reached XP level 3. HP: 29/36 MP: 3/3
   505 | D        | Paralysed by a floating eye for 3 turns
   512 | D        | Paralysed by a floating eye for 3 turns
   516 | D        | Killed a floating eye
   516 | D        | Reached skill level 5 in Fighting
   516 | D        | Reached skill level 5 in Axes
   516 | D        | Reached XP level 4. HP: 41/48 MP: 4/4
   516 | D        | Reached XP level 5. HP: 47/55 MP: 5/5
   764 | D        | Reached *** piety under Cheibriados
   787 | D        | Reached **** piety under Cheibriados
   787 | D        | Reached skill level 5 in Armour
   787 | D        | Reached skill level 5 in Shields
   876 | D        | Noticed a warg
   880 | D        | Noticed a necrophage
   881 | D        | Noticed a big kobold
   883 | D        | Reached skill level 6 in Axes
   883 | D        | Reached skill level 1 in Invocations
   884 | D        | Noticed a sky beast
   886 | D        | Killed a necrophage
   886 | D        | Reached XP level 6. HP: 63/63 MP: 5/8
   886 | D        | Killed a sky beast
   886 | D        | Reached ***** piety under Cheibriados
   888 | D        | Killed a warg
   888 | D        | Reached skill level 7 in Axes
   888 | D        | Reached XP level 7. HP: 73/73 MP: 0/10
   890 | D        | Reached skill level 5 in Invocations
  1168 | D        | Noticed a polar bear
  1178 | D        | Killed a polar bear
  1178 | D        | Reached skill level 8 in Axes
  1580 | D        | Reached XP level 8. HP: 82/82 MP: 12/12
  1837 | D        | Noticed a ynoxinul
  1838 | D        | Noticed a flayed ghost
  1839 | D        | Killed a ynoxinul
  1839 | D        | Reached ****** piety under Cheibriados
  1848 | D        | Killed a flayed ghost
  1848 | D        | Reached skill level 9 in Axes
  1848 | D        | Reached XP level 9. HP: 83/93 MP: 4/15
  2270 | D        | Noticed a lindwurm
  2270 | D        | Noticed a black mamba
  2271 | D        | Killed a black mamba
  2271 | D        | Reached skill level 10 in Fighting
  2272 | D        | Killed a lindwurm
  2272 | D        | Reached skill level 10 in Axes
  2284 | D        | Noticed a four-headed hydra
  2284 | D        | Noticed a freezing wraith
  2287 | D        | Killed a freezing wraith
  2288 | D        | Killed a four-headed hydra
  2288 | D        | Reached skill level 10 in Invocations
  2288 | D        | Reached XP level 10. HP: 94/104 MP: 11/17
  2366 | D        | Noticed a smoke demon
  2367 | D        | Reached skill level 11 in Axes
  2374 | D        | Killed a smoke demon
  2630 | D        | Noticed an unseen horror
  2630 | D        | Noticed a skeletal warrior
  2630 | D        | Noticed a skeletal warrior
  2630 | D        | Noticed a skeletal warrior
  2630 | D        | Noticed a skeletal warrior
  2631 | D        | Killed an unseen horror
  2634 | D        | Killed a skeletal warrior
  2634 | D        | Reached skill level 10 in Armour
  2634 | D        | Reached skill level 10 in Shields
  2634 | D        | Killed a skeletal warrior
  2635 | D        | Killed a skeletal warrior
  2635 | D        | Reached skill level 12 in Axes
  2635 | D        | Reached XP level 11. HP: 75/114 MP: 8/19
  2635 | D        | Killed a skeletal warrior
  3527 | D        | Noticed an orc knight
  3528 | D        | Noticed Josephine
  3528 | D        | Noticed a merfolk javelineer
  3528 | D        | Noticed a cyclops
  3529 | D        | Reached skill level 1 in Dodging
  3530 | D        | Reached skill level 13 in Axes
  3531 | D        | Killed an orc knight
  3531 | D        | Killed a merfolk javelineer
  3531 | D        | Killed Josephine
  3531 | D        | Reached XP level 12. HP: 101/126 MP: 10/21
  4256 | D        | Reached skill level 5 in Dodging
  4383 | D        | Reached skill level 14 in Axes
  4415 | D        | Noticed an eight-headed hydra
  4423 | D        | Killed an eight-headed hydra
  4444 | D        | Noticed Sonja
  4445 | D        | Killed Sonja
  4478 | D        | Noticed a great orb of eyes
  4488 | D        | Killed a great orb of eyes
  4736 | D        | Noticed an orc warlord
  4736 | D        | Noticed a yaktaur captain
  4736 | D        | Noticed an orc warlord
  4737 | D        | Noticed a naga warrior
  4739 | D        | HP: 3/127 [orc knight/uncursed great sword (19)]
  4740 | D        | Slain by an orc knight

Skill      XL: |  1  2  3  4  5  6  7  8  9 10 11 12 |
---------------+-------------------------------------+-----
Armour         | 3 4 5 6 7 8 9 10 11 12 | 12.5
Shields        | 3 4 5 6 7 8 9 10 11 12 | 12.5
Axes           | 3 5 6 7 8 9 10 12 13 14 | 14.4
Fighting       | 4 5 6 7 8 9 11 12 13 | 13.7
Invocations    | 3 4 6 8 10 11 13 | 13.5
Dodging        | 4 6 |  6.2

Action                   |  1- 3 |  4- 6 |  7- 9 | 10-12 || total
-------------------------+-------+-------+-------+-------++-------
Melee: War axe           |    18 |    42 |    12 |       ||    72
       Broad axe         |       |       |     8 |    53 ||    61
       Morningstar       |       |       |       |     5 ||     5
Invok: Slouch            |       |     1 |     9 |    19 ||    29
  Use: Potion            |       |       |     1 |     1 ||     2
  Eat: Ration            |       |       |     1 |     1 ||     2
       Chunk             |       |       |       |     2 ||     2
Armor: Scale mail        |     5 |    53 |       |       ||    58
       Chain mail        |       |     4 |    13 |    66 ||    83
Dodge: Dodged            |     1 |    20 |     6 |    31 ||    58
Block: Shield            |     4 |    64 |    20 |    98 ||   186
